 Dungeon Sprint DCSS version 0.30-a0-722-g3e6e8c874d (webtiles) character file.

Game seed: 13619140449549076739

68 Booter the Cudgeller (level 6, 0/68 HPs)
             Began as a Troll Berserker on Jan 27, 2023.
             Was a Believer of Wu Jian.
             Killed by an exploding kamikaze kobold (34 damage)
             ... ignited by their inner flame
             ... in the Dungeon (Sprint VI: "Thunderdome").
             The game lasted 00:04:37 (362 turns).

Booter the Cudgeller (Troll Berserker)               Turns: 362, Time: 00:04:38

Health: 0/68       AC:  4    Str: 28    XL:     6   Next: 13%
Magic:  5/5        EV: 11    Int:  3    God:    Wu Jian [**....]
Gold:   240        SH:  0    Dex:  9    Spells: 5/5 levels left

rFire   . . .      SeeInvis .    g - +0 scythe
rCold   . . .      Faith    .    (shield currently unavailable)
rNeg    . . .      Spirit   .    b - +0 animal skin
rPois   .          Reflect  .    (helmet restricted)
rElec   .          Harm     .    (no cloak)
rCorr   .          Rampage  .    (gloves unavailable)
Will    .....      NoTele   +    (boots unavailable)
Stlth   +                        (no amulet)
HPRegen 1.11/turn                (no ring)
MPRegen 0.09/turn                (no ring)

@: no status effects
A: large, unfitting armour, claws 3, regeneration 1, shaggy fur 1, tough skin 1
a: Renounce Religion, Wall Jump


You were in the Dungeon.
You worshipped Wu Jian.
Wu Jian was pleased with you.
You visited 1 branch You collected 240 gold pieces.

Inventory:

Hand Weapons
 a - a +0 mace
 g - a +0 scythe (weapon)
Armour
 b - a +0 animal skin (worn)
Wands
 j - a wand of acid (5)
Scrolls
 h - 4 scrolls of blinking
 l - 3 scrolls of fog
Potions
 c - a potion of curing
 d - 5 potions of heal wounds
 e - 3 potions of haste
 f - 2 potions of magic
 i - a potion of resistance


   Skills:
 + Level 6.6 Fighting
 + Level 7.4 Maces & Flails
 + Level 6.7 Dodging


You had 5 spell levels left.
You didn't know any spells.
Your spell library was empty.

Dungeon Overview and Level Annotations

Branches:
Dungeon (1/1)

Altars:
Cheibriados
Dithmenos
Fedhas
Gozag
Kikubaaqudgha
Makhleb
Okawaru
Qazlal
Ru
Sif Muna
Trog
Uskayaw
Vehumet
Wu Jian
Xom
Yredelemnul
Zin
The Shining One
Lugonu

Shops:
D *[??*?*:[((!!!!


Innate Abilities, Weirdness & Mutations

You are too large for most types of armour.
You have claws for hands.
Your natural rate of healing is unusually fast.
You are covered in fur. (AC +1)
You have tough skin. (AC +1)


Message History

The kamikaze kobold throws a stone.
The stone closely misses you.
The kamikaze kobold throws a stone.
The stone barely misses you.
The kamikaze kobold hits you with a +0 dagger.
The kamikaze kobold throws a stone.
The stone hits you but does no damage. The kamikaze kobold barely misses you.
You closely miss the kamikaze kobold.
The kamikaze kobold hits you but does no damage.
The kamikaze kobold barely misses you.
You closely miss the kamikaze kobold.
The kamikaze kobold hits you but does no damage.
The kamikaze kobold hits you with a +0 club.
The kamikaze kobold hits you but does no damage.
The kamikaze kobold hits you with a +0 short sword.
The kamikaze kobold misses you.
The kamikaze kobold hits you with a +0 short sword.
The kamikaze kobold closely misses you. The kamikaze kobold barely misses you.
The kamikaze kobold closely misses you.
You closely miss the kamikaze kobold.
The kamikaze kobold completely misses you.
The kamikaze kobold barely misses you.
The kamikaze kobold hits you with a +0 club.
The kamikaze kobold hits you but does no damage. x2
You spin and attack the kamikaze kobold.
You hit the kamikaze kobold. The Council accepts your kill.
You spin and attack the kamikaze kobold.
You barely miss the kamikaze kobold.
The kamikaze kobold explodes!
The fiery explosion engulfs you!!
The fiery explosion engulfs the kamikaze kobold!! x2
The kamikaze kobold explodes!
The fiery explosion engulfs the kamikaze kobold!!!
The fiery explosion engulfs the kamikaze kobold!! x2
Victory!
Score multiplier: 2x You now have 68 arena points (gained 42).
The kamikaze kobold explodes! x3
The fiery explosion engulfs you!!
Ouch! That really hurt!
You die...

#_..[.....# #_......._#
#_......._# ###...).....###
#⌠...........⌠#
####.8.........8.######
___......###....§§§__∩##
.......8.# #.8..§§§§§.∩###
.........###....@§§§§....##
......###...###.§§§§§[...§#
......# #.<.# #.§§.......§#
......###...###..........⌠#
.........###.............##
.......8.# #.8........∩###
_........###......___∩##
####.8.........8.######
#⌠...........§#


There were no monsters in sight!

Vanquished Creatures
  Sigmund (D)
  An ogre (D)
  Jessica (D)
  3 adders (D)
  3 ball pythons (D)
  A giant cockroach (D)
  A hobgoblin (D)
  A kobold (D)
12 creatures vanquished.

Vanquished Creatures (others)
  5 kobolds (D)
5 creatures vanquished.

Grand Total: 17 creatures vanquished

Notes
Turn   | Place    | Note
-------+----------+-------------------------------------------
     0 | D        | Booter the Troll Berserker began the quest for the Orb.
     0 | D        | Reached XP level 1. HP: 22/22 MP: 0/0
     1 | D        | Found an opulent altar of Gozag.
     1 | D        | Found an ancient bone altar of Kikubaaqudgha.
     3 | D        | Found an ornate altar of the Wu Jian Council.
     3 | D        | Found a hide-covered altar of Uskayaw.
     5 | D        | Found a shadowy altar of Dithmenos.
     5 | D        | Round 1.
    26 | D        | Found a basalt altar of Yredelemnul.
    27 | D        | Found a stormy altar of Qazlal.
    27 | D        | Found a glowing silver altar of Zin.
    28 | D        | Found Uruvist's Identification Station.
    28 | D        | Found a corrupted altar of Lugonu.
    29 | D        | Found Abuhom's Advanced Armour.
    29 | D        | Found Ageryl's Jewellery.
    33 | D        | Found a burning altar of Makhleb.
    37 | D        | Found a radiant altar of Vehumet.
    38 | D        | Found a snail-covered altar of Cheibriados.
    38 | D        | Found Quacviex's Magic Scroll Shop.
    38 | D        | Found Jet Fal's Staff Store.
    39 | D        | Found Ozufen's Magic Scroll Shop.
    39 | D        | Found Boxesout's Must-Have Magic.
    39 | D        | Noticed an ogre
    41 | D        | Noticed Sigmund
    46 | D        | Killed an ogre
    47 | D        | Reached skill level 5 in Maces & Flails
    47 | D        | Reached XP level 2. HP: 33/33 MP: 1/1
    47 | D        | Reached XP level 3. HP: 40/40 MP: 2/2
    47 | D        | Reached XP level 4. HP: 49/49 MP: 3/3
    54 | D        | Killed Sigmund
    54 | D        | Reached ** piety under Trog
    55 | D        | Reached skill level 6 in Maces & Flails
    55 | D        | Reached XP level 5. HP: 59/59 MP: 4/4
    64 | D        | Found a glowing golden altar of the Shining One.
    66 | D        | Found a blossoming altar of Fedhas.
    67 | D        | Found Fuadaum's Distillery.
    69 | D        | Found Miru's Distillery.
    69 | D        | Found Jilac's Bottled Wisdom.
    72 | D        | Reached skill level 7 in Maces & Flails
    72 | D        | Found a shimmering blue altar of Sif Muna.
    72 | D        | Found a sacrificial altar of Ru.
    72 | D        | Found Daem's Do-It-Yourself Clinic.
    76 | D        | Fell from the grace of Trog
    76 | D        | Became a worshipper of the Wu Jian Council
    78 | D        | Noticed Jessica
    82 | D        | Killed Jessica
    83 | D        | Reached XP level 6. HP: 68/68 MP: 5/5
    97 | D        | Found a bloodstained altar of Trog.
    98 | D        | Found an iron altar of Okawaru.
    98 | D        | Found Icohudeg's Weapon Rack.
   100 | D        | Found Ympof's Basic Armour.
   100 | D        | Found Migaosa's Miscellaneous Merchandise.
   103 | D        | Found a shimmering altar of Xom.
   103 | D        | Found Meehuase's Premium Goods.
   147 | D        | Arena points: 14 (+14) [x2]
   185 | D        | Round 2.
   199 | D        | Reached * piety under Wu Jian
   322 | D        | Reached ** piety under Wu Jian
   336 | D        | Arena points: 26 (+12) [x1]
   351 | D        | Round 3.
   362 | D        | Arena points: 68 (+42) [x2]
   362 | D        | Killed by an exploding kamikaze kobold... ignited by their
                  | inner flame

Illustrated notes

Levels and vault maps discovered:
D:        arena_sprint

Skill      XL: |  1  2  3  4  5 |
---------------+----------------+-----
Fighting       | 4 6 |  6.6
Maces & Flails | 5 6 7 |  7.4
Dodging        | 4 6 |  6.7

Action                     |  1- 3 |  4- 6 || total
---------------------------+-------+-------++-------
  Melee: Mace              |     4 |     7 ||    11
         Halberd           |       |    70 ||    70
         Unarmed           |       |     8 ||     8
Ability: Whirlwind         |       |    15 ||    15
         Lunge             |       |     1 ||     1
  Evoke: Wand              |       |     5 ||     5
    Use: Potion            |     1 |     2 ||     3
 Armour: Animal skin       |       |    49 ||    49
  Dodge: Dodged            |     2 |    86 ||    88

Table legend: (Time is in decaauts)
 A = Elapsed time spent in this place.
 B = Non-inter-level travel time spent in this place.
 C = Inter-level travel time spent in this place.
 D = Time resting spent in this place.
 E = Time spent auto-exploring this place.
 F = Levels seen in this place.
 G = Mean time per level.
                   A        B        C        D        E       F      G
               +--------+--------+--------+--------+--------+-----+--------+
         Total |    383 |    383 |      0 |      0 |      0 |   1 |  383.0 |
       Dungeon |    383 |    383 |      0 |      0 |      0 |   1 |  383.0 |
               +--------+--------+--------+--------+--------+-----+--------+

Top non-repeatable levels by time:
       D: 383 daAuts
